 Dungeon Crawl Stone Soup version 0.28.0-62-gf88900778d (webtiles) character file.

Game seed: 1842906854455112659

101 cbfl8 the Skirmisher (level 4, -1/41 HPs)
             Began as a Minotaur Fighter on May 8, 2023.
             Slain by a gnoll
             ... wielding a +1 whip of distortion
              (4 damage)
             ... on level 2 of the Dungeon.
             The game lasted 00:02:45 (2600 turns).

cbfl8 the Skirmisher (Minotaur Fighter)             Turns: 2600, Time: 00:02:46

Health: -1/41      AC:  7    Str: 20    XL:     4   Next: 48%
Magic:  3/3        EV:  9    Int:  5    God:
Gold:   40         SH:  5    Dex: 14    Spells: 3/3 levels left

rFire   . . .      SeeInvis .   a - +0 war axe
rCold   + . .      Faith    .   c - +0 buckler
rNeg    . . .      Spirit   .   b - +0 scale mail
rPois   .          Reflect  .   (helmet restricted)
rElec   .          Harm     .   (no cloak)
rCorr   .          Rampage  .   (no gloves)
Will    .....      Clarity  +   (no boots)
Stlth   ..........              (no amulet)
HPRegen 0.13/turn               (no ring)
MPRegen 0.08/turn               (no ring)

@: flying
A: horns 2, retaliatory headbutt, agile 1, clarity, cold resistance 1
a: no special abilities


You were on level 2 of the Dungeon.
You visited 1 branch of the dungeon, and saw 2 of its levels.

You collected 40 gold pieces.

Inventory:

Hand Weapons
 a - a +0 war axe (weapon)
Armour
 b - a +0 scale mail (worn)
 c - a +0 buckler (worn)
Scrolls
 h - a scroll of acquirement
 j - a scroll of noise {unknown}
Potions
 d - a potion of might


   Skills:
 + Level 4.4 Fighting
 + Level 3.8 Axes
 + Level 4.3 Armour
 + Level 0.1 Dodging
 + Level 4.2 Shields
 * Level 0.4 Evocations


You had 3 spell levels left.
You didn't know any spells.
Your spell library contained the following spells:

 Spells                   Type           Power      Damage    Failure   Level
 Animate Skeleton         Necr           0%         N/A       88%         1
 Pain                     Necr           0%         1d4       88%         1
 Gell's Gravitas          Tloc           0%         N/A       99%         3
 Teleport Other           Tloc           0%         N/A       99%         3
 Vampiric Draining        Necr           0%         2d6       99%         3
 Dispersal                Tloc           0%         N/A       100%        6


Dungeon Overview and Level Annotations

Branches:
Dungeon (2/15)

Altars:


Innate Abilities, Weirdness & Mutations

You have a pair of horns on your head.
You reflexively headbutt those who attack you in melee.
You are agile. (Dex +2)
You possess an exceptional clarity of mind.
Your flesh is cold resistant. (rC+)


Message History

You now have 40 gold pieces (gained 7).
A kobold comes into view. It is wielding a +0 club.
The kobold shouts!
You hear a shout! x3
The gnoll shouts!
The kobold hits you but does no damage.
You hit the kobold. You headbutt the kobold.
You kill the kobold!
Things that are here:
a +0 club; a kobold corpse You hit the gnoll but do no damage.
The gnoll hits you with a +1 whip of distortion.
You blink.
Found 9 gold pieces and 16 sling bullets.
The gnoll hits you but does no damage. Space warps horribly around you!
You closely miss the gnoll.
The gnoll hits you with a +1 whip of distortion.
Space warps horribly around you!
* * * LOW HITPOINT WARNING * * *
You block the gnoll's attack.
The gnoll hits you from afar with a +0 halberd.
* * * LOW HITPOINT WARNING * * *
You are too injured to fight recklessly!
Unknown command.
You are too injured to fight recklessly!
The gnoll shouts!
It was a potion of mutation.
You feel extremely strange.
Your thoughts seem clearer.
You feel agile.
You feel resistant to cold. The gnoll closely misses you.
It was a potion of flight.
You feel very buoyant.
You fly up into the air.
You block the gnoll's attack. The gnoll closely misses you.
As you read the scroll labelled OCSOREA YTOPH, it crumbles to dust.
It is a scroll of identify.
h - a scroll of acquirement You block the gnoll's attack.
The gnoll closely misses you.
As you read the scroll labelled INIC KOTAQA, it crumbles to dust.
The scroll dissolves into smoke.
It was a scroll of fog.
The gnoll hits you with a +1 whip of distortion.
You die...

#.#.# #.....##.
#.###.#.# ##...###.
#.......# #..####.
#####.### #.......
#)# ##.#####
#.##########'##
#.§§.....##...##
#g§### #.#.....##
#@§g.# #....†...##
#§§g.# #.........#
#.§§§#g.'.........+
#...###.#.........#
#.#.. ..........##
....(...###........
#.####... #....####
#. ## ....####.. ##
#..## #....


You could see 4 gnolls.

Vanquished Creatures
  3 adders (D:2)
  A worm (D:2)
  2 dart slugs (D:1)
  7 ball pythons
  2 bats
  3 endoplasms (D:1)
  6 giant cockroaches (D:1)
  8 goblins
  5 hobgoblins
  3 jackals (D:1)
  4 kobolds
  7 quokkas
  2 frilled lizards (D:1)
  3 rats
56 creatures vanquished.

Vanquished Creatures (others)
  7 fungi (D:2)
  3 plants (D:2)
10 creatures vanquished.

Grand Total: 66 creatures vanquished

Notes
Turn   | Place    | Note
-------+----------+-------------------------------------------
     0 | D:1      | cbfl8 the Minotaur Fighter began the quest for the Orb.
     0 | D:1      | Reached XP level 1. HP: 19/19 MP: 0/0
    90 | D:1      | Reached XP level 2. HP: 21/27 MP: 1/1
   488 | D:1      | Reached XP level 3. HP: 27/33 MP: 2/2
  1408 | D:2      | Reached XP level 4. HP: 30/41 MP: 3/3
  2380 | D:2      | Found a faded altar of an unknown god.
  2595 | D:2      | HP: 2/41 [gnoll/+0 halberd (5)]
  2597 | D:2      | Gained mutation: You possess an exceptional clarity of
                  | mind. [potion of mutation]
  2597 | D:2      | Gained mutation: You are agile. (Dex +2) [potion of
                  | mutation]
  2597 | D:2      | Gained mutation: Your flesh is cold resistant. (rC+)
                  | [potion of mutation]
  2599 | D:2      | Identified a scroll of acquirement
  2600 | D:2      | Slain by a gnoll

Illustrated notes

Levels and vault maps discovered:
D:1:      elethiomel_arrival_maze, layout_basic, minmay_pentomino_p4
D:2:      layout_loops_corners, shapermc_ecumenical_altar_mp_urbaneastern,
          minmay_misc_feat_x

Skill      XL: |  1  2  3 |
---------------+----------+-----
Shields        | 4 |  4.2
Armour         | 4 |  4.3
Fighting       | 4 |  4.4
Axes           | 3 |  3.8
Dodging        | |  0.1
Evocations     | |  0.4

Action                   |  1- 3 |  4- 6 || total
-------------------------+-------+-------++-------
Melee: War axe           |    89 |    34 ||   123
       Headbutt          |     8 |     5 ||    13
  Use: Scroll            |       |     2 ||     2
       Potion            |       |     2 ||     2
Armor: Scale mail        |    38 |    21 ||    59
Dodge: Dodged            |    54 |    18 ||    72
Block: Buckler           |    26 |    12 ||    38
